NYP
STATE COLLEGE SPIKES @ MILWAUKEE (NYP) BREWERS
06/24/2048
 
TOP OF THE 1ST
State College Spikes batting - Pitching for Milwaukee (NYP) Brewers : RHP Jay Cowgill
Pitching: RHP Jay Cowgill
Batting: RHB Fekadu Alhaadi 0-0: Foul Ball, location: 2F
0-1: Ball
1-1: Ground out 5-3 (Groundball, 5L, EV 88.8 MPH)
Batting: RHB Bobby Miles 0-0: Ball
1-0: Ball
2-0: Called Strike
2-1: Swinging Strike
2-2: Ball
3-2: Base on Balls
Batting: RHB Ricky Yerzy 0-0: Foul Ball, location: 2F
0-1: Swinging Strike
Balk!
Bobby Miles to second
0-2: Strikes out looking
Batting: RHB Sam Daw 0-0: Ball
1-0: Called Strike
1-1: Ground out 5-3 (Groundball, 56, EV 83.1 MPH)
Top of the 1st over - 0 runs, 0 hits, 0 errors, 1 left on base; State College 0 - Milwaukee (NYP) 0
BOTTOM OF THE 1ST
Milwaukee (NYP) Brewers batting - Pitching for State College Spikes : LHP Jon Zaragoza
Pitching: LHP Jon Zaragoza
Batting: RHB Chris Maul 0-0: Foul Ball, location: 2F
0-1: SINGLE (Groundball, 6D, EV 97.5 MPH)
Batting: LHB Tyler Francis 0-0: Ball
1-0: DOUBLE (Flyball, 8LXD, EV 108.1 MPH)
Chris Maul to third
Batting: LHB Jason Raker 0-0: Called Strike
0-1: Swinging Strike
0-2: Ball
1-2: Strikes out swinging
Batting: RHB Ryan Miller 0-0: Called Strike
0-1: Called Strike
0-2: Strikes out swinging
Batting: SHB Justin Hensley 0-0: Called Strike
0-1: Foul Ball, location: 2F
0-2: Fly out, F6 (Popup, 6M, EV 64.4 MPH)
Bottom of the 1st over - 0 runs, 2 hits, 0 errors, 2 left on base; State College 0 - Milwaukee (NYP) 0
TOP OF THE 2ND
State College Spikes batting - Pitching for Milwaukee (NYP) Brewers : RHP Jay Cowgill
Batting: LHB Ken Morehead 0-0: Called Strike
0-1: Foul Ball, location: 2F
0-2: Foul Ball, location: 2F
0-2: Foul Ball, location: 2F
0-2: Ball
1-2: Ball
2-2: Foul Ball, location: 2F
2-2: Foul Ball, location: 2F
2-2: Ball
3-2: SINGLE (Groundball, 5D, EV 110.0 MPH)
Batting: RHB Pat Scaturro 0-0: Called Strike
0-1: Ball
1-1: DOUBLE (Line Drive, 7LS, EV 110.6 MPH)
Ken Morehead to third
Batting: RHB Nelson Salamanca 0-0: Called Strike
0-1: Swinging Strike
0-2: Ball
1-2: Foul Ball, location: 2F
1-2: Strikes out swinging
Batting: RHB Nick Latulippe 0-0: Foul Ball, location: 2F
0-1: Fly out, F9 (Flyball, 89M, EV 95.0 MPH)
Batting: RHB Mario Carbajal 0-0: Called Strike
0-1: Foul Ball, location: 2F
0-2: Strikes out swinging
Top of the 2nd over - 0 runs, 2 hits, 0 errors, 2 left on base; State College 0 - Milwaukee (NYP) 0
BOTTOM OF THE 2ND
Milwaukee (NYP) Brewers batting - Pitching for State College Spikes : LHP Jon Zaragoza
Batting: RHB Dan Allred 0-0: Ball
1-0: Fly out, F7 (Flyball, 78M, EV 86.2 MPH)
Batting: SHB Aaron Neill 0-0: Ground out 6-3 (Groundball, 6, EV 82.5 MPH)
Batting: RHB Chris Fruit 0-0: Called Strike
0-1: Ground out U3 (Groundball, 3L, EV 85.6 MPH)
Bottom of the 2nd over - 0 runs, 0 hits, 0 errors, 0 left on base; State College 0 - Milwaukee (NYP) 0
TOP OF THE 3RD
State College Spikes batting - Pitching for Milwaukee (NYP) Brewers : RHP Jay Cowgill
Batting: RHB Fekadu Alhaadi 0-0: Ball
1-0: Ball
2-0: Ball
3-0: Fly out, F8 (Line Drive, 8LD, EV 93.1 MPH)
Batting: RHB Bobby Miles 0-0: Foul Ball, location: 2F
0-1: Ball
1-1: Ball
2-1: Called Strike
2-2: Strikes out swinging
Batting: RHB Ricky Yerzy 0-0: Ball
1-0: Ball
2-0: Called Strike
2-1: Foul Ball, location: 2F
2-2: Foul Ball, location: 2F
2-2: Foul Ball, location: 2F
2-2: Ball
3-2: SINGLE (Line Drive, 9S, EV 107.5 MPH)
Batting: RHB Sam Daw 0-0: Called Strike
Ricky Yerzy steals 2nd base
0-1: Ball
1-1: Ball
2-1: Foul Ball, location: 2F
2-2: Ball
3-2: Base on Balls
Batting: LHB Ken Morehead 0-0: Ball
1-0: Ball
2-0: Ball
3-0: Called Strike
3-1: Base on Balls
Ricky Yerzy to third
Sam Daw to second
Batting: RHB Pat Scaturro 0-0: Ball
1-0: Called Strike
1-1: Foul Ball, location: 2F
1-2: Ball
2-2: SINGLE (Flyball, 8LS, EV 95.6 MPH)
Ricky Yerzy scores
Sam Daw to third
Ken Morehead to second
Runner from 3rd tries for Home, SAFE, throw by CF to home
Batting: RHB Nelson Salamanca 0-0: Swinging Strike
0-1: Foul Ball, location: 2F
0-2: Fly out, F7 (Line Drive, 7, EV 90.0 MPH)
Top of the 3rd over - 2 runs, 2 hits, 0 errors, 2 left on base; State College 2 - Milwaukee (NYP) 0
BOTTOM OF THE 3RD
Milwaukee (NYP) Brewers batting - Pitching for State College Spikes : LHP Jon Zaragoza
Batting: LHB Mark Backstrom 0-0: SINGLE (Groundball, 4D, EV 100.6 MPH)
Batting: RHB Chris Maul 0-0: Swinging Strike
0-1: Ball
1-1: Ball
2-1: Ball
3-1: Base on Balls
Mark Backstrom to second
Batting: LHB Tyler Francis 0-0: Ball
1-0: Ball
2-0: Called Strike
2-1: Ball
3-1: Fly out, F7 (Line Drive, 7LS, EV 100.0 MPH)
Batting: LHB Jason Raker 0-0: Called Strike
0-1: Fielders Choice at 2nd, 4-6 (Groundball, 34, EV 99.4 MPH)
Mark Backstrom to third
Batting: RHB Ryan Miller 0-0: Ball
1-0: Called Strike
1-1: Ball
2-1: Ball
3-1: DOUBLE (Line Drive, 3D, EV 97.5 MPH)
Mark Backstrom scores
Jason Raker to third
Runner from 3rd tries for Home, SAFE, throw by RF to home
Batting: SHB Justin Hensley 0-0: Ball
Wild Pitch!
Ryan Miller to third
1-0: Ball
2-0: Swinging Strike
2-1: Foul Ball, location: 2F
2-2: Ball
3-2: Ground out 4-3 (Groundball, 4, EV 108.1 MPH)
Bottom of the 3rd over - 2 runs, 2 hits, 0 errors, 1 left on base; State College 2 - Milwaukee (NYP) 2
TOP OF THE 4TH
State College Spikes batting - Pitching for Milwaukee (NYP) Brewers : RHP Jay Cowgill
Batting: RHB Nick Latulippe 0-0: Ball
1-0: Swinging Strike
1-1: Called Strike
1-2: Foul Ball, location: 2F
1-2: Strikes out swinging, 2-3 out at first.
Batting: RHB Mario Carbajal 0-0: Called Strike
0-1: Ball
1-1: Ball
2-1: Foul Ball, location: 2F
2-2: Strikes out swinging
Pitching: LHP Tom Barone
Batting: RHB Fekadu Alhaadi 0-0: Ball
1-0: Foul Ball, location: 2F
1-1: Ball
2-1: Ball
3-1: Swinging Strike
3-2: Strikes out swinging
Top of the 4th over - 0 runs, 0 hits, 0 errors, 0 left on base; State College 2 - Milwaukee (NYP) 2
BOTTOM OF THE 4TH
Milwaukee (NYP) Brewers batting - Pitching for State College Spikes : LHP Jon Zaragoza
Batting: RHB Dan Allred 0-0: Ball
1-0: Called Strike
1-1: Fly out, F8 (Flyball, 8RM, EV 96.2 MPH)
Batting: SHB Aaron Neill 0-0: Fly out, F7 (Flyball, 78S, EV 88.1 MPH)
Batting: RHB Chris Fruit 0-0: Foul Ball, location: 2F
0-1: Swinging Strike
0-2: Ball
1-2: Strikes out swinging
Bottom of the 4th over - 0 runs, 0 hits, 0 errors, 0 left on base; State College 2 - Milwaukee (NYP) 2
TOP OF THE 5TH
State College Spikes batting - Pitching for Milwaukee (NYP) Brewers : LHP Tom Barone
Batting: RHB Bobby Miles 0-0: Ball
1-0: Called Strike
1-1: Ground out 5-3 (Groundball, 56, EV 88.8 MPH)
Batting: RHB Ricky Yerzy 0-0: Ball
1-0: Swinging Strike
1-1: Swinging Strike
1-2: Ball
2-2: Strikes out swinging
Batting: RHB Sam Daw 0-0: Called Strike
0-1: Ground out 6-3 (Groundball, 6, EV 106.9 MPH)
Top of the 5th over - 0 runs, 0 hits, 0 errors, 0 left on base; State College 2 - Milwaukee (NYP) 2
BOTTOM OF THE 5TH
Milwaukee (NYP) Brewers batting - Pitching for State College Spikes : LHP Jon Zaragoza
Batting: LHB Mark Backstrom 0-0: Ground out U3 (Groundball, 3, EV 83.8 MPH)
Batting: RHB Chris Maul 0-0: Called Strike
0-1: Ball
1-1: Ball
2-1: TRIPLE (Line Drive, 89XD, EV 105.6 MPH)
Batting: LHB Tyler Francis 0-0: Called Strike
0-1: Ball
1-1: Ground out 6-3 (Groundball, 6M, EV 111.2 MPH)
Chris Maul scores
Batting: LHB Jason Raker 0-0: Swinging Strike
0-1: Foul Ball, location: 2F
0-2: Ball
1-2: Reached via error on a dropped throw from SS, E3 (Groundball, 6S, EV 82.5 MPH)
Batting: RHB Ryan Miller 0-0: Ball
1-0: Foul Ball, location: 2F
1-1: SINGLE (Line Drive, 7LS, EV 97.5 MPH)
Jason Raker to second
Batting: SHB Justin Hensley 0-0: Called Strike
0-1: Ball
1-1: Foul Ball, location: 2F
1-2: SINGLE (Flyball, 8LS, EV 94.4 MPH)
Jason Raker to third
Ryan Miller to second
Runner from 3rd tries for Home, SAFE, throw by CF to home
Batting: RHB Dan Allred 0-0: Ball
1-0: SINGLE (Groundball, 23, EV 70.6 MPH) (infield hit)
Ryan Miller to third
Justin Hensley to second
Batting: SHB Aaron Neill 0-0: Ball
Wild Pitch!
Ryan Miller scores
Justin Hensley to third
Dan Allred to second
1-0: Ball
Passed Ball!
Justin Hensley scores
Dan Allred to third
2-0: Called Strike
2-1: Ball
Wild Pitch!
Dan Allred scores
3-1: Foul Ball, location: 2F
3-2: Base on Balls
Pitching: RHP Howie Seidler
Batting: RHB Chris Fruit 0-0: Called Strike
Aaron Neill steals 2nd base (no throw)
0-1: Swinging Strike
0-2: Ball
1-2: SINGLE (Groundball, 6MD, EV 101.9 MPH)
Aaron Neill to third
Runner from 3rd tries for Home, throw by CF and OUT! 8-2
Bottom of the 5th over - 5 runs, 5 hits, 1 error, 1 left on base; State College 2 - Milwaukee (NYP) 7
TOP OF THE 6TH
State College Spikes batting - Pitching for Milwaukee (NYP) Brewers : LHP Tom Barone
Batting: LHB Ken Morehead 0-0: Called Strike
0-1: Ball
1-1: Ball
2-1: Ball
3-1: Called Strike
3-2: DOUBLE (Flyball, 89D, EV 91.9 MPH)
Batting: RHB Pat Scaturro 0-0: Ball
1-0: Foul Ball, location: 2F
1-1: Ground out 1-3 (Groundball, 13S, EV 71.9 MPH)
Ken Morehead to third
Batting: RHB Nelson Salamanca 0-0: Ball
1-0: Swinging Strike
1-1: Fly out, F8 (Flyball, 8RM, EV 95.0 MPH)
Batting: RHB Nick Latulippe 0-0: Ground out 6-3 (Groundball, 6, EV 105.0 MPH)
Top of the 6th over - 0 runs, 1 hit, 0 errors, 1 left on base; State College 2 - Milwaukee (NYP) 7
BOTTOM OF THE 6TH
Milwaukee (NYP) Brewers batting - Pitching for State College Spikes : RHP Howie Seidler
Batting: LHB Mark Backstrom 0-0: Ball
1-0: Swinging Strike
1-1: Foul Ball, location: 2F
1-2: Strikes out swinging
Batting: RHB Chris Maul 0-0: Ball
1-0: Ball
2-0: Called Strike
2-1: Ball
3-1: Called Strike
3-2: Ground out 6-3 (Groundball, 6, EV 110.6 MPH)
Batting: LHB Tyler Francis 0-0: Ball
1-0: Called Strike
1-1: Fly out, F6 (Popup, 6D, EV 48.8 MPH)
Bottom of the 6th over - 0 runs, 0 hits, 0 errors, 0 left on base; State College 2 - Milwaukee (NYP) 7
TOP OF THE 7TH
State College Spikes batting - Pitching for Milwaukee (NYP) Brewers : LHP Tom Barone
Batting: RHB Mario Carbajal 0-0: SINGLE (Groundball, 4MS, EV 63.1 MPH) (infield hit)
Batting: RHB Fekadu Alhaadi 0-0: Ball
1-0: Ball
2-0: Fielders Choice at 2nd, 4-6 (Groundball, 34, EV 86.9 MPH)
Batting: RHB Bobby Miles 0-0: Ball
1-0: Grounds into double play, 6-4-3 (Groundball, 6, EV 81.2 MPH)
Top of the 7th over - 0 runs, 1 hit, 0 errors, 0 left on base; State College 2 - Milwaukee (NYP) 7
BOTTOM OF THE 7TH
Milwaukee (NYP) Brewers batting - Pitching for State College Spikes : RHP Howie Seidler
Batting: LHB Jason Raker 0-0: Called Strike
0-1: Fly out, F9 (Line Drive, 9S, EV 96.9 MPH)
Batting: RHB Ryan Miller 0-0: Called Strike
0-1: Foul Ball, location: 2F
0-2: Ball
1-2: Fly out, F8 (Flyball, 89M, EV 86.2 MPH)
Batting: SHB Justin Hensley 0-0: Foul Ball, location: 2F
0-1: SINGLE (Groundball, 6MD, EV 95.6 MPH)
Batting: RHB Dan Allred 0-0: Ball
1-0: Ball
Justin Hensley is caught stealing 2nd base 2-4
Bottom of the 7th over - 0 runs, 1 hit, 0 errors, 0 left on base; State College 2 - Milwaukee (NYP) 7
TOP OF THE 8TH
State College Spikes batting - Pitching for Milwaukee (NYP) Brewers : LHP Tom Barone
Batting: RHB Ricky Yerzy 0-0: Foul Ball, location: 2F
0-1: Foul Ball, location: 2F
0-2: Ball
1-2: Hit by Pitch
Batting: RHB Sam Daw 0-0: Ball
1-0: Foul Ball, location: 2F
1-1: Swinging Strike
1-2: Hit by Pitch
Ricky Yerzy to second
Batting: LHB Ken Morehead 0-0: Called Strike
0-1: Called Strike
0-2: Ball
1-2: Strikes out swinging
Batting: RHB Pat Scaturro 0-0: Ball
1-0: Ball
2-0: Ball
3-0: Called Strike
3-1: Called Strike
3-2: Foul Ball, location: 2F
3-2: Fly out, F7 (Flyball, 7S, EV 93.1 MPH)
Batting: RHB Nelson Salamanca 0-0: Fielders Choice at 2nd, 6-4 (Groundball, 6, EV 97.5 MPH)
Top of the 8th over - 0 runs, 0 hits, 0 errors, 2 left on base; State College 2 - Milwaukee (NYP) 7
BOTTOM OF THE 8TH
Milwaukee (NYP) Brewers batting - Pitching for State College Spikes : RHP Howie Seidler
Batting: RHB Dan Allred 0-0: Ball
1-0: Foul Ball, location: 2F
1-1: Ball
2-1: Ball
3-1: Ground out 5-3 (Groundball, 5L, EV 99.4 MPH)
Batting: SHB Aaron Neill 0-0: Ball
1-0: Ball
2-0: Ball
3-0: Called Strike
3-1: Swinging Strike
3-2: DOUBLE (Line Drive, 8RD, EV 104.4 MPH)
Batting: RHB Chris Fruit 0-0: Called Strike
0-1: Swinging Strike
0-2: Ball
1-2: Ball
2-2: Ball
3-2: Fly out, F9 (Flyball, 9LMF, EV 83.8 MPH)
Batting: LHB Mark Backstrom 0-0: Fly out, F6 (Popup, 6MS, EV 84.4 MPH)
Bottom of the 8th over - 0 runs, 1 hit, 0 errors, 1 left on base; State College 2 - Milwaukee (NYP) 7
TOP OF THE 9TH
State College Spikes batting - Pitching for Milwaukee (NYP) Brewers : LHP Tom Barone
Batting: RHB Nick Latulippe 0-0: Ball
1-0: Ball
2-0: Swinging Strike
2-1: Foul Ball, location: 2F
2-2: Foul Ball, location: 2F
2-2: Strikes out swinging
Batting: RHB Mario Carbajal 0-0: Ball
1-0: Ball
2-0: Foul Ball, location: 2F
2-1: Foul Ball, location: 2F
2-2: Strikes out swinging
Batting: RHB Fekadu Alhaadi 0-0: Called Strike
0-1: Ball
1-1: Called Strike
1-2: Ball
2-2: Ball
3-2: Ground out 4-3 (Groundball, 4, EV 80.6 MPH)
Top of the 9th over - 0 runs, 0 hits, 0 errors, 0 left on base; State College 2 - Milwaukee (NYP) 7
Tuesday, March 28th , 2023 - OOTP Baseball 23.10 Build 110